 Dungeon Crawl Stone Soup version 0.26.1-2-gb8aa6d0cf2 (webtiles) character file.

Game seed: 4454906571990899472

86 funkygono the Firebug (level 4, -3/30 HPs)
             Began as a Demonspawn Fire Elementalist on Feb 23, 2021.
             Slain by a hobgoblin
             ... wielding a +0 club
             ... led by Robin
              (5 damage)
             ... on level 1 of the Dungeon.
             The game lasted 00:04:04 (1987 turns).

funkygono the Firebug (DsFE)                        Turns: 1987, Time: 00:04:05

Health: -3/30      AC:  2    Str:  8    XL:     4   Next: 26%
Magic:  0/8        EV: 12    Int: 18    God:
Gold:   36         SH:  0    Dex: 13    Spells: 7/8 levels left

rFire    . . .     SeeInvis .   e - +1 dagger (venom)
rCold    + . .     Faith    .   (no shield)
rNeg     . . .     Spirit   .   a - +0 robe
rPois    .         Reflect  .   (helmet restricted)
rElec    .         Harm     .   (no cloak)
rCorr    .         Rampage  .   (no gloves)
Will     .....     Rnd*Tele +   (no boots)
Stlth    ++........             (no amulet)
HPRegen  0.10/turn              f - ring of teleportation (curse)
MPRegen  0.11/turn              (no ring)

@: no status effects
A: antennae 1, claws 1, cold resistance 1
a: no special abilities


You were on level 1 of the Dungeon.
You visited 1 branch of the dungeon, and saw 2 of its levels.

You collected 36 gold pieces.

Inventory:

Hand Weapons
 e - a +1 dagger of venom (weapon)
Armour
 a - a +0 robe (worn)
Jewellery
 f - a cursed ring of teleportation (left claw)
Wands
 d - a wand of flame (8)
Scrolls
 b - a scroll of identify {unknown}
 g - 3 scrolls of fog
Potions
 h - a potion of invisibility {unknown}


   Skills:
 + Level 1.8 Dodging
 - Level 1.7 Stealth
 * Level 2.7 Spellcasting
 * Level 1.8 Conjurations
 * Level 3.9 Fire Magic


You had 7 spell levels left.
You knew the following spells:

 Your Spells              Type           Power        Failure   Level
a - Foxfire               Conj/Fire      48%          5%          1

Your spell library contained the following spells:

 Spells                   Type           Power        Failure   Level
 Conjure Flame            Conj/Fire      12%          16%         3
 Inner Flame              Hex/Fire       9%           22%         3
 Sticky Flame             Conj/Fire      12%          45%         4
 Fireball                 Conj/Fire      6%           82%         5


Dungeon Overview and Level Annotations

Branches:
Dungeon (2/15)

Altars:

Annotations:
D:2 Robin


Innate Abilities, Weirdness & Mutations

You have a pair of small antennae on your head.
You have sharp fingernails.
Your flesh is cold resistant. (rC+)


Message History

The hobgoblin completely misses you.
You climb upwards.
There is a stone staircase leading down here.
Casting: Foxfire (safe; 5% risk of failure)
Confirm with . or Enter, or press ? or * to list all spells.
You conjure some foxfire!
The hobgoblin closely misses you.
The hobgoblin hits you but does no damage.
You barely miss the hobgoblin.
The foxfire hits the hobgoblin but does no damage.
The hobgoblin misses you.
You barely miss the hobgoblin. The hobgoblin hits you with a +0 club.
* * * LOW HITPOINT WARNING * * *
The hobgoblin hits you but does no damage.
Casting: Foxfire (safe; 5% risk of failure)
Confirm with . or Enter, or press ? or * to list all spells.
You conjure some foxfire!
The hobgoblin closely misses you.
You completely miss the hobgoblin.
The foxfire hits the hobgoblin.
The hobgoblin is moderately wounded.
The hobgoblin hits you with a +0 club.
You die...

#...#
#.#.............#
....#
#.#.#.####.)....#
###.###
#...........#'#.#
.###..##
####..###.###.#.######
..#....##
#..........#.#....#
#....#.<#
#..###.#####.#.##..
######### #....(.#
#.#.####
##g#########.#.....
#@........#.######
#########.#.# #.#.#
#.#.# #.#.#
##########.#.#
#..........#.#
#.##########.#
#............#


You could see a hobgoblin (fast, strong).

Vanquished Creatures
  5 adders (D:2)
  A worm (D:2)
  A leopard gecko (D:1)
  10 goblins
  8 hobgoblins
  6 bats
  4 kobolds
  2 rats (D:2)
37 creatures vanquished.

Vanquished Creatures (others)
  100 foxfires
100 creatures vanquished.

Grand Total: 137 creatures vanquished

Notes
Turn   | Place    | Note
-------+----------+-------------------------------------------
     0 | D:1      | funkygono the Demonspawn Fire Elementalist began the quest
                  | for the Orb.
     0 | D:1      | Reached XP level 1. HP: 13/13 MP: 3/3
   333 | D:1      | Reached skill level 3 in Fire Magic
   375 | D:1      | Gained mutation: You have a pair of small antennae on your
                  | head. [demonic ancestry]
   375 | D:1      | Reached XP level 2. HP: 19/19 MP: 1/5
  1238 | D:2      | Gained mutation: Your flesh is cold resistant. (rC+)
                  | [demonic ancestry]
  1238 | D:2      | Reached XP level 3. HP: 14/24 MP: 0/6
  1420 | D:2      | Noticed Robin
  1738 | D:2      | Gained mutation: You have sharp fingernails. [demonic
                  | ancestry]
  1738 | D:2      | Reached XP level 4. HP: 30/30 MP: 4/7
  1987 | D:1      | Slain by a hobgoblin

Illustrated notes

Levels and vault maps discovered:
D:1:      lemuel_arrival_tunnels, layout_basic
D:2:      layout_loops_ring, cheibriados_altar_1, minmay_distorted, uniq_robin

Skill      XL: |  1 |
---------------+----+-----
Fire Magic     | 3 |  3.9
Dodging        | |  1.8
Stealth        | |  1.7
Spellcasting   | |  2.7
Conjurations   | |  1.8

Action                   |  1- 3 |  4- 6 || total
-------------------------+-------+-------++-------
Melee: Dagger            |       |     7 ||     7
 Cast: Foxfire           |    44 |    23 ||    67
  Use: Scroll            |     3 |       ||     3
       Potion            |     1 |     1 ||     2
Armor: Robe              |     2 |     4 ||     6
Dodge: Dodged            |    14 |    16 ||    30
